[Event "Slovakia Open 2022"]
[Site "Bratislava"]
[Date "2022.09.30"]
[Round "2.18"]
[White "Hasala, Richard"]
[Black "Kijac, Miroslav"]
[Result "0-1"]
[ECO "C05"]
[WhiteElo "1537"]
[BlackElo "2078"]
[Annotator "TA"]
[PlyCount "66"]
[EventDate "2022.09.30"]
[EventCountry "SVK"]
[SourceTitle "playchess.com"]
[Source "ChessBase"]
[SourceQuality "1"]
[TimeControl "2700+10"]

1. e4 e6 2. d4 d5 3. Nd2 Nf6 4. e5 Nfd7 5. f4 c5 6. c3 Be7 {[%emt 0:00:02] C05: French Tarrasch: 3...Nf6 4 e5 Nfd7, 5 f4 and 5 Bd3 sidelines.} 7. Ngf3 b6 8. Bd3 Ba6 {[%emt 0:00:02] The position is equal.} 9. Bxa6 Nxa6 10. O-O O-O {[%emt 0:00:12] [#]} 11. Re1 $146 ({Predecessor:} 11. Qe2 Nc7 12. b3 b5 13. g4 f5 14. Ne1 b4 15. cxb4 cxb4 16. Bb2 Qb8 17. gxf5 Rxf5 {1-0 (42) Kyc,J (2221)-Hemmerling,J (1939) Poznan 2016}) 11... Rc8 12. Qe2 Nab8 13. f5 Nc6 14. a3 cxd4 15. cxd4 Na5 (15... exf5 {is more appropriate.} 16. Nf1 Re8) 16. b4 Nc4 17. Nxc4 Rxc4 18. g4 Qc7 19. g5 Rc2 20. Qe3 ({White should try} 20. Bd2 $1 $14) 20... Rc8 {[%emt 0:03:32] Black has more active pieces.} (20... exf5 $15 21. Bd2 b5) 21. Bd2 b5 22. f6 {[%emt 0:01:32] [#] Black must now prevent Rac1.} Bf8 23. Qd3 Qc4 24. Qe3 Qc6 25. Rec1 Qb7 (25... Nb6 $11) 26. Rxc2 Rxc2 27. Qd3 (27. fxg7 $1 $14 {might be stronger.} Bxg7 28. Rf1) 27... Qc6 28. h4 (28. fxg7 $11 Bxg7 29. h4) 28... Qc4 $36 {[%emt 0:04:04][%mdl 2048] Black has some pressure.} 29. Qe3 Nb6 (29... g6 $15) 30. Ne1 Rb2 31. Qf4 $2 {[%emt 0:18:27][%mdl 8192] [#]} ({Reject} 31. Rc1 Qb3 $15) (31. fxg7 $1 $14 {was the only good move.} Bxg7 32. Rc1) 31... Qe2 $19 32. Bc3 (32. Nf3 {was worth a try.} Rb3 33. Rf1) 32... Rb3 33. Bd2 (33. fxg7 $142 Kxg7 34. Qd2 Qg4+ 35. Ng2) 33... Nc4 {[%emt 0:00:28][%csl LRa3,LRd2] Weighted Error Value: White=0.55/Black=0.20 (precise)} 0-1

[Event "Slovakia Open 2022"]
[Site "Bratislava"]
[Date "2022.09.30"]
[Round "2.19"]
[White "Kushko, Dmitriy"]
[Black "Yankelevich, Lev"]
[Result "0-1"]
[ECO "A05"]
[WhiteElo "2302"]
[BlackElo "2484"]
[Annotator "TA"]
[PlyCount "65"]
[EventDate "2022.09.30"]
[EventCountry "SVK"]
[SourceTitle "playchess.com"]
[Source "ChessBase"]
[SourceQuality "1"]
[TimeControl "2700+10"]

1. g3 d5 2. Nf3 Nf6 3. Bg2 g6 4. b3 Bg7 5. Bb2 O-O 6. O-O c5 7. c4 d4 8. b4 Nc6 {[%emt 0:00:17] A05: Réti Opening: 1 Nf3 Nf6.} 9. b5 Na5 10. d3 {[%emt 0:00:03] [#]} Ng4 $146 {[%emt 0:00:36] The position is equal.} ({Predecessor:} 10... Re8 11. Re1 e5 12. Ng5 e4 13. Nd2 e3 14. fxe3 Ng4 15. Nxf7 Kxf7 16. Bd5+ Be6 17. exd4 Bxd5 18. cxd5 {0-1 (23) Hamitevici,V (2482)-Kamsky,G (2658) Chess.com INT 2022}) 11. Nbd2 a6 12. Ba3 (12. a4 $11) 12... axb5 $15 13. cxb5 b6 14. Nxd4 Qxd4 $17 15. Bxa8 {[%emt 0:00:05] [#] And now Rc1 would win.} Nxf2 $1 {[%emt 0:00:10][%mdl 512] Black has more active pieces. The white rooks are badly placed.} 16. Rxf2 {[%emt 0:02:22] Black must now prevent Rb1.} Qxa1 17. Qxa1 Bxa1 18. Rf1 Bd4+ 19. Kg2 Be6 {[%emt 0:01:02][%csl LRa2,LRa8] Against Bd5} 20. Bf3 Bxa2 21. h4 Rd8 22. h5 Bd5 ({Better is} 22... f6 $19 23. Bc1 Be6) 23. Bxd5 Rxd5 24. hxg6 hxg6 25. Nc4 $2 {[%emt 0:05:45][%mdl 8192] [#] This costs White the game.} (25. Bc1 $17 {keeps fighting.}) 25... Nxc4 $19 26. dxc4 {[%emt 0:00:02][%mdl 4096] Endgame KRB-KRB} Re5 27. Re1 Re3 28. Bc1 {[%emt 0:00:04] Black has a decisive advantage.} Rc3 29. Bf4 Rxc4 30. Bc7 Rb4 31. Bxb6 Rxb5 32. Bc7 c4 33. e3 {[%emt 0:00:11] Weighted Error Value: White=0.25 (precise) /Black=0.08 (flawless)} 0-1

[Event "Slovakia Open 2022"]
[Site "Bratislava"]
[Date "2022.09.30"]
[Round "2.20"]
[White "Balint, Peter"]
[Black "Meszaros, Casey Ryan"]
[Result "1-0"]
[ECO "C76"]
[WhiteElo "2235"]
[BlackElo "1925"]
[Annotator "TA"]
[PlyCount "88"]
[EventDate "2022.09.30"]
[EventCountry "SVK"]
[SourceTitle "playchess.com"]
[Source "ChessBase"]
[SourceQuality "1"]
[TimeControl "2700+10"]

1. e4 e5 2. Nf3 Nc6 3. Bb5 a6 4. Ba4 d6 5. c3 Bd7 6. O-O g6 7. d4 Bg7 8. d5 Nce7 9. Bc2 {[%emt 0:00:41] C76: Ruy Lopez: Deferred Steinitz: 5 c3 Bd7 6 d4 g6.} h6 10. Nbd2 f5 11. exf5 {[%emt 0:00:48] [#] The position is equal.} Bxf5 $146 ({Predecessor:} 11... gxf5 12. Nb3 Nf6 13. c4 O-O 14. Bd2 Qe8 15. Bc3 Qh5 16. h3 b5 17. Bxe5 dxe5 18. Nxe5 Qxd1 19. Raxd1 bxc4 20. Nxc4 Nexd5 {0-1 (52) Bajgildin,A-Zyrichin,A Sochi 2007}) 12. Nh4 Qd7 13. Nxf5 Nxf5 14. Ne4 Nge7 15. Qg4 {[%emt 0:01:40][%cal Oc2a4] White is more active.} O-O-O {[%emt 0:01:30] [#] White leaves nothing to chance now.} (15... c6 $14) 16. Qd1 (16. Ba4 $1 $18 b5 17. Bb3) 16... g5 (16... c6 $11 {and Black has nothing to worry.}) 17. a4 (17. Ba4 $18 c6 18. dxc6 Nxc6 19. Be3) 17... Ng6 (17... c6 $142) 18. a5 Nf4 (18... Kb8 $16) 19. g3 $18 Nh3+ 20. Kg2 {[%emt 0:00:46] Strongly threatening Ba4.} h5 $2 (20... Nf4+ 21. gxf4 Nh4+ 22. Kh1 Qh3) 21. Ba4 c6 (21... Qf7 $142 22. Kxh3 g4+ 23. Kg2 Qg6) 22. dxc6 bxc6 23. Qe2 Kb7 24. Rd1 Qe6 {[%emt 0:00:34] [#]} 25. Rxd6 $3 Qxd6 26. Nxd6+ Rxd6 27. Kxh3 g4+ 28. Kg2 h4 29. Ra3 {[%emt 0:00:48][%cal Ba1a3,Ba3b3,Bb3b6,Bb6c6][%mdl 32] And now Rb3+ would win.} h3+ 30. Kg1 {[%emt 0:00:10] Threatens to win with Rb3+.} Rhd8 31. Bg5 R8d7 32. Rb3+ Kc7 33. Rb6 Bh6 34. Bxh6 (34. Qxe5 $142 Bxg5 35. Rxc6+ Kb8 36. Rb6+ Ka7 37. Rxd6 Rxd6 38. Qxf5 Rd2 39. Qc5+ Kb8 40. Qe5+ Kc8 41. Qxg5) 34... Nxh6 35. Qxe5 {[%emt 0:00:53] White threatens Rxc6+ and mate.} Nf7 36. Rxc6+ Kd8 {[%emt 0:00:17] [#]} 37. Rxd6 $1 Nxe5 38. Rxd7+ Nxd7 39. Bxd7 {[%emt 0:00:02] White mates.} Kxd7 {[%emt 0:00:01] KP-KP} 40. Kf1 Kc6 41. Ke2 Kb5 42. b4 Kc4 43. Kd2 Kd5 44. Kd3 Ke5 {[%emt 0:00:03] Weighted Error Value: White=0.24 (precise) /Black=0.79} 1-0

[Event "Slovakia Open 2022"]
[Site "Bratislava"]
[Date "2022.09.30"]
[Round "2.21"]
[White "Roshka, Yevgeniy"]
[Black "Park, Seonjae"]
[Result "1-0"]
[ECO "E04"]
[WhiteElo "2497"]
[BlackElo "1704"]
[Annotator "TA"]
[PlyCount "51"]
[EventDate "2022.09.30"]
[EventCountry "SVK"]
[SourceTitle "playchess.com"]
[Source "ChessBase"]
[SourceQuality "1"]
[TimeControl "2700+10"]

1. d4 Nf6 2. c4 e6 3. g3 d5 4. Bg2 dxc4 5. Nf3 c5 6. O-O Nc6 7. dxc5 Qxd1 8. Rxd1 Bxc5 9. Nbd2 Nd7 {[%emt 0:04:57] E04: Open Catalan: 5 Nf3.} (9... c3 $11 {remains equal.} 10. bxc3 O-O) 10. Nxc4 $16 Ke7 {[%emt 0:00:17] [#]} (10... Nb6 $142) 11. a3 $146 ({Better is} 11. Ng5) ({Predecessor:} 11. b3 f6 12. Bb2 b5 13. Ncd2 Rb8 14. Rac1 Nd8 15. Ne4 Bb4 16. a3 Ba5 17. b4 {½-½ (30) Stuehmeier,C (1568)-Rafiee,K (2027) Bad Zwesten 2005}) 11... Nb6 {[%emt 0:02:23] White is better.} 12. Nfe5 Nxe5 13. Nxe5 {[%emt 0:00:04] [#] Black must now prevent b4.} f6 14. Nd3 Bd6 15. Be3 Nc4 16. Bc5 $36 {[%emt 0:00:28][%mdl 2048] White fights for an advantage.} Bxc5 17. Nxc5 Nd6 18. Rac1 {[%emt 0:01:14][%cal Oc5b7] And now Nxb7! would win.} Rb8 {[%emt 0:01:24] [#]} (18... Rd8 $1 $11 {keeps the balance.}) 19. Nxb7 $1 {[%emt 0:05:55][%mdl 512] White has more active pieces. The black rooks are badly placed.} Nxb7 (19... Rxb7 $2 20. Bxb7 Rd8 21. Bg2 $18) 20. Rc7+ Kf8 (20... Ke8 $16 {was called for.}) 21. Rdc1 Nd6 22. R1c6 {[%emt 0:00:03][%mdl 64] Deflection} Ne8 (22... Nb5 {keeps fighting.}) 23. Rxc8 $18 Rxb2 24. R6c7 {[%emt 0:01:10] Threatening mate with Bc6.} Rxe2 (24... Rb1+ $18 25. Bf1 a6 26. Rxe8+ Kxe8 27. Rc8+ Kf7 28. Rxh8 Ra1 29. Rxh7 Kg8) 25. Bc6 Re1+ 26. Kg2 {[%emt 0:00:02] Weighted Error Value: White=0.09 (flawless) /Black=0.75} 1-0

[Event "Slovakia Open 2022"]
[Site "Bratislava"]
[Date "2022.09.30"]
[Round "2.22"]
[White "Dubnicka, Ferdinand"]
[Black "Merva, Frantisek"]
[Result "0-1"]
[ECO "B52"]
[WhiteElo "1494"]
[BlackElo "1981"]
[Annotator "TA"]
[PlyCount "68"]
[EventDate "2022.09.30"]
[EventCountry "SVK"]
[SourceTitle "playchess.com"]
[Source "ChessBase"]
[SourceQuality "1"]
[TimeControl "2700+10"]

1. e4 c5 2. Nf3 d6 3. Nc3 Nf6 4. Bb5+ Bd7 5. Bxd7+ Nbxd7 6. O-O g6 {[%emt 0:01:02] B52: Sicilian: Moscow Variation with 3...Bd7.} 7. d3 Bg7 8. Bg5 h6 {[%emt 0:00:48] The position is equal.} 9. Bh4 O-O 10. Re1 Qb6 11. Rb1 e6 12. e5 dxe5 13. Nxe5 Nxe5 14. Rxe5 Qb4 15. Bxf6 Bxf6 16. a3 Qa5 17. Re2 Rad8 18. Ne4 Bg7 19. c3 c4 20. d4 (20. Rd2 $15) 20... e5 $17 21. Rd2 exd4 22. cxd4 Rfe8 23. Nc3 Qf5 {[%emt 0:00:39][%cal Od8d4] Threatens to win with ...Rxd4!} 24. g3 h5 {[%emt 0:00:45] Black is much more active. The white rooks are badly placed.} (24... b5 $17) 25. h4 (25. Qa4 $15) 25... Bh6 26. f4 $2 {[%emt 0:00:35] Now White is beyond hope.} (26. Rc2 $17) 26... Bg7 27. Kh2 Re3 28. Qg1 Rde8 {[%emt 0:00:19][%cal Og7d4] aiming for ...Bxd4!} ({Less strong is} 28... Bxd4 29. Rxd4 $1 Qc2+ 30. Kh1 Rxd4 31. Qxe3 $16) 29. Rbd1 $2 (29. Qf1 {was worth a try.}) 29... b5 (29... Bf6 $142 {[%cal Of6h4] Strongly threatening ...Bxh4!} 30. Rg2 {[#]} Bxh4 $1 ) 30. d5 $2 (30. Qg2) 30... Bxc3 $19 31. bxc3 Re2+ 32. Rxe2 Rxe2+ 33. Qg2 Rxg2+ 34. Kxg2 {[%emt 0:00:02] [#]  Weighted Error Value: White=0.97/Black=0.30} {Predecessor:} Qc2+ $146 0-1

[Event "Slovakia Open 2022"]
[Site "Bratislava"]
[Date "2022.09.30"]
[Round "2.23"]
[White "Mizicka, Matus"]
[Black "Malaschitz, Teodor"]
[Result "1-0"]
[ECO "D00"]
[WhiteElo "1975"]
[BlackElo "1448"]
[Annotator "TA"]
[PlyCount "50"]
[EventDate "2022.09.30"]
[EventCountry "SVK"]
[SourceTitle "playchess.com"]
[Source "ChessBase"]
[SourceQuality "1"]
[TimeControl "2700+10"]

1. d4 d5 2. Nc3 e6 3. Bf4 a6 4. a4 c5 5. e3 Nc6 6. Nf3 {[%emt 0:00:02] [#] D00: 1 d4 d5: Unusual lines.} Qb6 $146 ({Predecessor:} 6... Nf6 7. Be2 Bd6 8. Bxd6 Qxd6 9. dxc5 Qxc5 10. Nd4 O-O 11. O-O e5 12. Nb3 Qd6 {1-0 (39) Nadeev,S (2274)-Kett,T (2136) Chess.com INT 2022}) 7. Rb1 (7. a5 {with more complications.} Qxb2 8. Na4 Qb4+ 9. Qd2) 7... Bd7 8. Be2 {[%emt 0:00:12] Black is slightly better.} cxd4 9. exd4 Bb4 10. O-O Nd8 11. Ne5 Nc6 12. Nxd7 {[%emt 0:05:16] White is more active.} Kxd7 13. Bg4 {[%emt 0:00:54] A strong pair of Bishops.} Nge7 14. Be3 Qa5 15. Re1 (15. Na2 $14) 15... Bxc3 $2 {[%emt 0:00:29] [#]} (15... Rag8 $11 {and Black has nothing to worry.}) 16. bxc3 $18 Ra7 (16... h5 $142) 17. Qd2 Qxa4 $2 {[%emt 0:00:46] Loses the game.} (17... h5 $16 {is more resistant.} 18. Be2 Nf5) 18. Ra1 {[%emt 0:00:10] White is clearly winning.} Qxa1 19. Rxa1 h5 20. Bh3 f6 21. c4 {[%emt 0:00:06] [#] Strongly threatening cxd5.} g5 22. g3 Kd6 23. cxd5 Nxd5 24. c4 Nc7 25. d5 exd5 {[%emt 0:00:34] Weighted Error Value: White=0.27 (precise) /Black=0.79} 1-0

[Event "Slovakia Open 2022"]
[Site "Bratislava"]
[Date "2022.09.30"]
[Round "2.24"]
[White "Kostic, Ivan"]
[Black "Nytra, Ondrej"]
[Result "0-1"]
[ECO "D45"]
[WhiteElo "1716"]
[BlackElo "2233"]
[Annotator "TA"]
[PlyCount "52"]
[EventDate "2022.09.30"]
[EventCountry "SVK"]
[SourceTitle "playchess.com"]
[Source "ChessBase"]
[SourceQuality "1"]
[TimeControl "2700+10"]

1. d4 d5 2. e3 Nf6 3. c4 e6 4. a3 c6 5. Nc3 Bd6 6. Nf3 O-O 7. b4 Nbd7 8. Bb2 e5 {[%emt 0:00:57] D45: Semi-Slav: 5 e3.} (8... h6 $11) 9. dxe5 (9. cxd5 $14 a5 10. dxc6 bxc6 11. b5) 9... Nxe5 $11 10. Nxe5 Bxe5 {[%emt 0:00:04] [#] Black is slightly better.} 11. Qc2 $146 ({Predecessor:} 11. cxd5 Nxd5 12. Qd2 Nxc3 13. Bxc3 Qxd2+ 14. Kxd2 Rd8+ 15. Kc2 Bf5+ 16. Kb3 Bxc3 17. Kxc3 {1-0 (40) Krottki,M-O'Brien,J Dos Hermanas 2004}) 11... Ng4 (11... a5 $15 12. b5 Re8) 12. h3 (12. cxd5 $11 cxd5 13. h3) 12... Qh4 $17 13. Nd1 Re8 {[%emt 0:01:08][%cal Og4e3] [#] ...Nxe3! is the strong threat. Black is more active.} 14. Bxe5 Rxe5 ({Black should try} 14... Nxe5 $17 15. cxd5 cxd5) 15. Be2 (15. g3 $11 {remains equal.} Qh6 16. Qc3) 15... Nxe3 16. Nxe3 Rxe3 17. g3 $2 {[%emt 0:01:33] [#] White does not recover from this.} (17. cxd5 $15 Bg4 18. O-O Rxe2 19. Qc4) 17... Qf6 $1 $19 18. O-O Rc3 19. Qa2 Bxh3 20. Rfc1 d4 {[%emt 0:00:32][%cal Bd5d4,Bd4d3][%mdl 32] White must now prevent ...d3.} 21. Bf1 Bxf1 22. Kxf1 (22. Rxf1 d3 23. Rae1) 22... Rxg3 {[%emt 0:00:08] ( -> ...Qf3)} 23. Rc2 d3 24. Rd2 Rh3 (24... Qf3 $142 25. Rxd3 Qg2+ 26. Ke2 Re8+ 27. Kd2 Rxd3+ 28. Kxd3 Qf3+ 29. Kd2 Re2+ 30. Kd1 Rxa2+ 31. Ke1 Qh1#) 25. f4 Rh1+ 26. Kg2 Rxa1 {[%emt 0:00:07] Weighted Error Value: White=1.10/Black=0.47} 0-1

[Event "Slovakia Open 2022"]
[Site "Bratislava"]
[Date "2022.09.30"]
[Round "2.25"]
[White "Rancso, Mark"]
[Black "Romanova, Ela"]
[Result "1-0"]
[ECO "D02"]
[WhiteElo "1960"]
[BlackElo "1580"]
[Annotator "TA"]
[PlyCount "55"]
[EventDate "2022.09.30"]
[EventCountry "SVK"]
[SourceTitle "playchess.com"]
[Source "ChessBase"]
[SourceQuality "1"]
[TimeControl "2700+10"]

1. d4 d5 2. Nf3 Nf6 3. g3 e6 4. Bg2 c5 5. O-O Nc6 6. c3 Bd6 7. dxc5 Bxc5 8. Nbd2 O-O {[%emt 0:00:12] [#]} 9. Qe1 $146 {[%emt 0:00:12] D02: 1 d4 d5 2 Nf3 sidelines, including 2...Nf6 3 g3 and 2...Nf6 3 Bf4.} (9. b4 $5 Be7 10. a3 $11) ({Predecessor:} 9. Qc2 Bb6 10. e4 d4 11. cxd4 Nxd4 12. Nxd4 Qxd4 13. Nc4 Ng4 14. Nxb6 axb6 15. Rd1 Qc5 16. Qe2 e5 {1-0 (42) Chigaev,M (2495)-Levin,E (2507) St Petersburg 2014}) 9... b6 10. b4 Bd6 11. Bb2 {[%emt 0:03:02] The position is equal.} Bb7 12. b5 (12. e4 $11 Qc7 13. exd5 exd5 14. Qb1) 12... Na5 $15 13. Nd4 Qd7 14. e4 e5 15. Nf5 Bc5 {[%emt 0:06:03] White must now prevent ...dxe4.} (15... Qxb5 16. Nxd6 Qxb2 17. Nxb7 Nxb7 18. exd5 $15) 16. a4 (16. c4 $17 {is a better defense.}) 16... dxe4 $19 17. Ne3 Rfd8 18. Rd1 Qe6 $36 {[%emt 0:01:46][%mdl 2048] aiming for ...Qa2. Keeping White busy.} 19. Qe2 (19. c4 $142) 19... a6 (19... Bxe3 $19 20. fxe3 Qa2) 20. c4 $17 Bd4 21. Ba3 Rac8 (21... Bxe3 $142 22. fxe3 axb5 23. cxb5 Rdc8) 22. h4 (22. Bb4 $17 {was necessary.}) 22... Rd7 $2 {[%emt 0:01:44] [#]} (22... axb5 $19 {Hoping for ...Bxe3.} 23. cxb5 Bxe3 24. fxe3 Rd3) 23. Kh2 $1 $11 Bxe3 24. fxe3 $4 (24. Bh3 $1 $11 {and White is okay.} Qe8 25. fxe3 (25. Qxe3 Rd4 $11) (25. Bxd7 Qxd7 26. fxe3 Qd3 $11)) 24... Ng4+ $19 {[%emt 0:00:11] Pair of Knights!} (24... Nxc4 25. Bh3 Rxd2 26. Rxd2 $16) 25. Kg1 Nxc4 $4 (25... Rd3 $19 26. Bh3 h5) 26. Nxc4 $18 {[%emt 0:00:43] [#] And now Rxd7 would win.} Rxd1 27. Rxd1 ({And not} 27. Qxd1 h5 28. Nd6 Nxe3 $11) 27... Qxc4 (27... h5 $18 28. Nd6 Rd8 29. bxa6 Bxa6 30. Nxe4 Ra8 31. Qxa6 Rxa6 32. Rd8+ Kh7 33. Ng5+ Kh6) 28. Qxc4 {[%emt 0:00:06] Weighted Error Value: White=0.44/Black=0.77} 1-0

[Event "Slovakia Open 2022"]
[Site "Bratislava"]
[Date "2022.09.30"]
[Round "2.26"]
[White "Kucera, Michal"]
[Black "Dolnik, Michal"]
[Result "1-0"]
[ECO "C64"]
[WhiteElo "1927"]
[BlackElo "1485"]
[Annotator "TA"]
[PlyCount "41"]
[EventDate "2022.09.30"]
[EventCountry "SVK"]
[SourceTitle "playchess.com"]
[Source "ChessBase"]
[SourceQuality "1"]
[TimeControl "2700+10"]

1. e4 e5 2. Nf3 Nc6 3. Bb5 Bc5 4. c3 d6 5. h3 Nf6 6. O-O {[%emt 0:00:37] Strongly threatening d4. C64: Ruy Lopez: Classical Defence (3...Bc5) except 4 0-0 Nf6.} O-O 7. d4 exd4 8. cxd4 {[%emt 0:00:07] [#] White is slightly better.} Bb4 $146 {[%emt 0:00:13] [#]} ({Black should play} 8... Bb6 $1 $14) ({Predecessor:} 8... Bb6 9. Nc3 a6 10. Ba4 h6 11. a3 d5 12. e5 Ne4 13. Bc2 Bf5 14. Bb3 Nxc3 15. bxc3 {1-0 (39) Wood,C (2102)-Singer,M (1857) Bayern 2015}) 9. Qa4 $1 $18 a5 10. a3 Bd7 11. Qc2 ({Don't take} 11. axb4 Nxe4 12. Nc3 (12. bxa5 Rxa5 13. Qc2 Rxa1 $14) 12... Nxc3 13. bxc3 axb4 $18) 11... Qe7 (11... Re8 $142 12. Bd3 (12. axb4 Nxb4 13. Qe2 Nxe4 $16) 12... Qc8) 12. Bxc6 Bxc6 13. axb4 {[%emt 0:04:30] Hoping for d5.} Bxe4 14. Qb3 a4 (14... axb4 {might work better.} 15. Rxa8 Rxa8) 15. Qa3 Rfe8 16. Bg5 Qe6 17. Nbd2 Qf5 18. Bxf6 Qxf6 19. Nxe4 Rxe4 20. Rfe1 Rf4 {[%emt 0:01:06] [#]} (20... Qf5 21. Qc3 Rxe1+ 22. Rxe1 Qd7) 21. Qxa4 $1 {[%emt 0:00:39][%mdl 512] White took control after the opening.  Weighted Error Value: White=0.18 (very precise) /Black=0.71} 1-0

[Event "Slovakia Open 2022"]
[Site "Bratislava"]
[Date "2022.09.30"]
[Round "2.27"]
[White "Benci, Jozef"]
[Black "Prochazka, Peter"]
[Result "1/2-1/2"]
[ECO "B23"]
[WhiteElo "1873"]
[BlackElo "1792"]
[Annotator "NA COMBH"]
[PlyCount "96"]
[EventDate "2022.09.30"]
[EventCountry "SVK"]
[SourceTitle "playchess.com"]
[Source "ChessBase"]
[SourceQuality "1"]
[TimeControl "2700+10"]

1. e4 c5 2. Nc3 e6 3. f4 a6 4. a4 Nc6 5. Bc4 Qc7 6. d3 Be7 7. Nf3 d6 8. O-O Nf6 9. Qe1 O-O 10. Qg3 Nh5 11. Qh3 g6 12. Ng5 Qd8 13. Bd2 d5 14. Bb3 e5 15. Qf3 Nd4 16. Qf2 exf4 17. Nf3 Nxb3 18. cxb3 d4 19. Nd5 Be6 20. Nxf4 Nxf4 21. Bxf4 Bxb3 22. Bh6 Re8 23. Ne5 Bh4 24. Qf4 Qe7 25. Nf3 Bf6 26. Ng5 Bg7 27. Qh4 Qf8 28. Bxg7 Qxg7 29. Rf2 h6 30. Nh3 Rac8 31. Raf1 Rc7 32. Qg3 Ree7 33. Rf6 Bxa4 34. e5 Rc6 35. Qf3 Bb3 36. Nf2 Rce6 37. Ng4 h5 38. Rxe6 Bxe6 39. Nf6+ Kh8 40. Qe4 Rc7 41. Qe1 Bf5 42. Qh4 Rc8 43. Rxf5 Qh6 44. Rf1 Qe3+ 45. Qf2 Qxd3 46. Nxh5 Kh7 47. Qxf7+ Kh8 48. Qf6+ Kh7 1/2-1/2

[Event "Slovakia Open 2022"]
[Site "Bratislava"]
[Date "2022.09.30"]
[Round "2.28"]
[White "Rosol, Philip"]
[Black "Rehacek, Jan"]
[Result "1-0"]
[ECO "D35"]
[WhiteElo "1885"]
[BlackElo "1342"]
[Annotator "NA RC COMBH"]
[PlyCount "45"]
[EventDate "2022.09.30"]
[EventCountry "SVK"]
[SourceTitle "playchess.com"]
[Source "ChessBase"]
[SourceQuality "1"]
[TimeControl "2700+10"]

1. d4 d5 2. c4 e6 3. Nc3 Nf6 4. cxd5 exd5 5. Bg5 Be7 6. e3 c6 7. Bd3 Be6 8. Qc2 h6 9. Bf4 Bd6 10. Nge2 Bxf4 11. Nxf4 Qd6 12. Nxe6 Qxe6 13. O-O Nbd7 14. Bf5 Qd6 15. h3 Nf8 16. e4 Qc7 17. exd5 cxd5 18. Rfe1+ Kd8 19. Qb3 Qc6 20. Rac1 N8d7 21. Na4 Qa6 22. Bxd7 Kxd7 23. Nc5+ 1-0

[Event "Slovakia Open 2022"]
[Site "Bratislava"]
[Date "2022.09.30"]
[Round "2.29"]
[White "Rehacek, Oldrich"]
[Black "Durovka, Stefan"]
[Result "0-1"]
[ECO "A06"]
[WhiteElo "1366"]
[BlackElo "1783"]
[Annotator "NA RC COMBH"]
[PlyCount "72"]
[EventDate "2022.09.30"]
[EventCountry "SVK"]
[SourceTitle "playchess.com"]
[Source "ChessBase"]
[SourceQuality "1"]
[TimeControl "2700+10"]

1. b3 d5 2. Bb2 Nf6 3. e3 Nc6 4. Nf3 Bg4 5. Be2 e6 6. h3 Bh5 7. O-O Bd6 8. Nd4 Bxe2 9. Qxe2 Nxd4 10. Bxd4 O-O 11. Qb5 b6 12. Qe2 e5 13. Bb2 c5 14. d3 Re8 15. Qf3 a5 16. c4 d4 17. e4 h6 18. Na3 a4 19. Nb5 Bf8 20. Qd1 axb3 21. axb3 Qd7 22. Qe2 g6 23. Rxa8 Rxa8 24. Ra1 Qb7 25. Qd1 Nh5 26. g3 Qc8 27. Rxa8 Qxa8 28. Qa1 Qc8 29. Kh2 f5 30. f3 g5 31. Qa7 g4 32. fxg4 fxg4 33. h4 Qd8 34. Qc7 Qf6 35. Kg1 Nxg3 36. Kg2 Qf3+ 0-1

[Event "Slovakia Open 2022"]
[Site "Bratislava"]
[Date "2022.09.30"]
[Round "2.30"]
[White "Csontos, Aron"]
[Black "Hlavac, Tomas"]
[Result "1-0"]
[ECO "C06"]
[WhiteElo "1962"]
[BlackElo "1554"]
[Annotator "TA"]
[PlyCount "73"]
[EventDate "2022.09.30"]
[EventCountry "SVK"]
[SourceTitle "playchess.com"]
[Source "ChessBase"]
[SourceQuality "1"]
[TimeControl "2700+10"]

1. e4 e6 2. d4 d5 3. Nd2 Nf6 4. e5 Nfd7 5. Bd3 c5 6. c3 Nc6 7. Ngf3 a6 8. O-O {[%emt 0:00:37] C06: French Tarrasch: 3...Nf6 4 e5 Nfd7 5 Bd3 main lines.} b5 9. Re1 c4 10. Bc2 {[%emt 0:00:11] [#] White is slightly better.} b4 $146 ({Predecessor:} 10... Be7 11. Nf1 Nb6 12. h3 Bd7 13. N3h2 h5 14. f4 Qc7 15. Nf3 O-O-O 16. Be3 Kb7 17. Bf2 Ra8 18. Bh4 a5 19. Bxe7 Nxe7 20. Ng5 Raf8 21. Qf3 f6 22. exf6 Rxf6 {½-½ (22) Wessendorf,T (2315)-Eingorn,V (2576) Bad Wiessee 2007}) 11. Nf1 {[%emt 0:01:32] aiming for Ng5.} (11. Nxc4 {feels hotter.} dxc4 12. d5 Bb7 13. dxc6 Bxc6 14. Bg5) 11... Nb6 (11... Be7 $14) 12. Be3 (12. Ng5 $16) 12... Bd7 (12... a5 $11) 13. N3d2 (13. Ng5 $16) 13... a5 $14 14. f4 a4 15. cxb4 ({Better is} 15. a3 $11) 15... Bxb4 (15... Nxb4 $15 16. a3 Nd3) 16. a3 $11 Be7 17. Qf3 Na5 18. g4 Nb3 (18... Rc8 $5 ) 19. Bxb3 (19. Rab1 $14 {stays ahead.}) 19... axb3 $17 ({Worse is} 19... cxb3 20. Rac1 $15) 20. f5 Rc8 21. Ng3 Bg5 $2 {[%emt 0:02:25] [#]} (21... O-O $1 $17 22. Rab1 f6) 22. Nh5 $1 $36 {[%emt 0:01:03][%mdl 2048] Keeping Black busy.} Rg8 {[%emt 0:06:32] [#] A mistake that costs the game.} (22... Kf8 $16) 23. f6 $1 $18 gxf6 24. Bxg5 {[%emt 0:00:06][%mdl 64] Remove Defender} Rxg5 25. Nxf6+ Ke7 26. Rf1 {[%emt 0:02:04][%cal Of6d5] White wants to mate with Nxd5+!} Qh8 27. Nxh7 $2 {[%emt 0:02:05] Pair of Knights!} Rxg4+ 28. Qxg4 {[%emt 0:00:05] Intending Qg5+ and mate. Chess con chili.} Rg8 {[%emt 0:00:10] Inhibits Qg5+.} (28... Qxh7 29. Qg5+ Kf8) 29. Ng5 c3 30. bxc3 Nc4 31. Nxc4 dxc4 32. Rxf7+ {[%emt 0:00:25] White mates.} Kd8 33. h4 Kc8 34. Raf1 b2 35. Qe4 Kc7 {[%emt 0:01:57] [#]} 36. Rxd7+ $1 Kxd7 (36... Kb6 37. Rb7+) 37. Rf7+ {[%emt 0:00:04] Weighted Error Value: White=0.36/Black=0.70} 1-0